 Dungeon Crawl Stone Soup version 0.29-a0-845-g6161e89988 (webtiles) character file.

Game seed: 14811472941657372281

220 jlumianski the Trooper (level 5, 0/42 HPs)
             Began as a Demonspawn Fighter on July 15, 2022.
             Slain by a gnoll bouda
             ... wielding a +0 whip
              (6 damage)
             ... on level 3 of the Dungeon.
             The game lasted 00:08:47 (3540 turns).

jlumianski the Trooper (Demonspawn Fighter)         Turns: 3540, Time: 00:08:48

Health: 0/42       AC:  6    Str: 18    XL:     5   Next: 64%
Magic:  14/14      EV:  9    Int:  9    God:
Gold:   199        SH:  5    Dex: 13    Spells: 4/4 levels left

rFire   . . .      SeeInvis .   a - +0 war axe
rCold   . . .      Faith    .   c - +1 buckler
rNeg    . . .      Spirit   .   b - +0 scale mail
rPois   .          Reflect  .   (helmet restricted)
rElec   .          Harm     .   (no cloak)
rCorr   .          Rampage  .   (no gloves)
Will    .....                   (no boots)
Stlth   ..........              (no amulet)
HPRegen 0.14/turn               i - ring of magical power
MPRegen 0.14/turn               (no ring)

@: no status effects
A: antennae 2, demonic guardian 1
a: no special abilities


You were on level 3 of the Dungeon.
You visited 1 branch of the dungeon, and saw 4 of its levels.

You collected 199 gold pieces.

Inventory:

Hand Weapons
 a - a +0 war axe (weapon)
 f - a +2 dagger of draining
 n - a +0 sling of freezing
Missiles
 e - 34 stones (quivered)
 o - a boomerang
Armour
 b - a +0 scale mail (worn)
 c - a +1 buckler (worn)
Magical Staves
 m - a staff of conjuration
Jewellery
 i - a ring of magical power (left hand)
Scrolls
 j - a scroll of vulnerability {unknown}
 k - a scroll of blinking
 q - a scroll of immolation
Potions
 d - 2 potions of might
 g - 3 potions of curing
 h - a potion of mutation {unknown}
 l - a potion of brilliance {unknown}
 p - a potion of haste


   Skills:
 + Level 4.0 Fighting
 + Level 3.5 Axes
 + Level 1.3 Ranged Weapons
 + Level 3.3 Armour
 + Level 0.3 Dodging
 + Level 0.2 Stealth
 + Level 3.1 Shields


You had 4 spell levels left.
You didn't know any spells.
Your spell library was empty.

Dungeon Overview and Level Annotations

Branches:
Dungeon (4/15)
 Temple: D:4-7

Altars:


Innate Abilities, Weirdness & Mutations

You have a pair of antennae on your head.
A weak demonic guardian rushes to your aid.


Message History

You block the gnoll's attack.
There is a stone staircase leading up here.
The gnoll hits you but does no damage. x2
You climb upwards.
There is a stone staircase leading down here.
You hit the gnoll.
The gnoll is lightly wounded.
You barely miss the gnoll. You hit the gnoll bouda.
The gnoll completely misses you. The gnoll bouda closely misses you.
The gnoll hits you with a +0 club. The gnoll hits you with a +0 whip.
You hit the gnoll.
The gnoll is moderately wounded.
You barely miss the gnoll bouda. You hit the gnoll.
The gnoll bouda barks out a call to the hunt!
The gnolls pick up the pace!
The gnoll hits you but does no damage. The gnoll hits you with a +0 whip.
The gnoll bouda hits you with a +0 whip!
A demonic guardian appears!
The gnoll closely misses you.
You closely miss the gnoll.
The gnoll is moderately wounded.
You hit the gnoll bouda. You barely miss the gnoll.
The gnoll barely misses you. The gnoll hits you with a +0 club.
The gnoll bouda hits you with a +0 whip.
The gnoll barely misses you.
Your iron imp barely misses the gnoll bouda.
You slash the gnoll!
The gnoll is almost dead.
You closely miss the gnoll bouda. You hit the gnoll.
The gnoll bouda hits you with a +0 whip!
* * * LOW HITPOINT WARNING * * *
The gnoll hits you with a +0 club.
* * * LOW HITPOINT WARNING * * *
The gnoll hits you with a +0 whip.
* * * LOW HITPOINT WARNING * * *
Your iron imp hits the gnoll bouda!
The gnoll bouda barely misses you. The gnoll completely misses you.
You feel better. You block the gnoll's attack.
Your iron imp closely misses the gnoll bouda.
The gnoll bouda hits you with a +0 whip.
You die...

#...# #.### #.#
#.# #.# ##.# ...#
##################
#......<...g@#
#.####.##.#gg#
#.####.#.#5#.#####
#.##....#.#.#....#
#........#.#.###.#
#.........#..# #.#
### #.##.##.##.###
#.#
#.###....##.######
#.###
.#...............#
#...#


You could see a gnoll bouda (ally target), 2 gnolls and a friendly iron imp
(summoned).

Vanquished Creatures
  An orc priest (D:3)
  Jessica (D:2)
  2 orc wizards (D:3)
  A gnoll (D:3)
  4 adders
  3 worms
  10 orcs (D:3)
  3 endoplasms
  A giant cockroach (D:2)
  4 goblins
  4 hobgoblins
  2 jackals (D:1)
  A quokka (D:2)
  5 ball pythons
  2 bats (D:1)
  3 frilled lizards
  5 kobolds
  A rat (D:1)
53 creatures vanquished.

Vanquished Creatures (collateral kills)
  An orc (D:3)
1 creature vanquished.

Grand Total: 54 creatures vanquished

Notes
Turn   | Place    | Note
-------+----------+-------------------------------------------
     0 | D:1      | jlumianski the Demonspawn Fighter began the quest for the
                  | Orb.
     0 | D:1      | Reached XP level 1. HP: 18/18 MP: 1/1
     0 | D:1      | Noticed a large abomination
     1 | D:1      | Noticed an iron dragon
     4 | D:1      | Noticed an orb of fire
     4 | D:1      | Noticed an orb of fire
     7 | D:1      | Noticed a large abomination
     8 | D:1      | Noticed an iron dragon
    11 | D:1      | Noticed an ice dragon
    11 | D:1      | Noticed a shadow dragon
    13 | D:1      | Noticed an orb of fire
    15 | D:1      | Noticed a tentacled monstrosity
    21 | D:1      | Noticed an ice dragon
   375 | D:1      | Gained mutation: You have a pair of small antennae on your
                  | head. [demonic ancestry]
   375 | D:1      | Reached XP level 2. HP: 16/24 MP: 2/2
   777 | D:1      | Found a faded altar of an unknown god.
  1310 | D:2      | Reached XP level 3. HP: 19/29 MP: 3/3
  1732 | D:2      | Noticed Jessica
  1737 | D:2      | Killed Jessica
  1738 | D:2      | Gained mutation: A weak demonic guardian rushes to your
                  | aid. [demonic ancestry]
  1738 | D:2      | Reached XP level 4. HP: 37/37 MP: 4/4
  2522 | D:3      | Reached skill level 1 in Ranged Weapons
  2530 | D:3      | Gained mutation: You have a pair of antennae on your head.
                  | [demonic ancestry]
  2530 | D:3      | Reached XP level 5. HP: 24/42 MP: 5/5
  2876 | D:3      | Reached skill level 4 in Fighting
  3539 | D:3      | HP: 1/42 [gnoll/+0 whip[a gnoll bouda] (2)]
  3540 | D:3      | Slain by a gnoll bouda

Illustrated notes

Levels and vault maps discovered:
D:1:      shiori_arrival_whats_in_store_for_you, layout_rooms, serial_forest,
          infiniplex_forest_lined_3, infiniplex_forest_clump_long,
          infiniplex_forest_lined_room_2, infiniplex_forest_straight_2,
          infiniplex_forest_clump_diagonal, infiniplex_forest_straight_5,
          infiniplex_forest_straight_4, basic_ecumenical_altar,
          hangedman_abyss_or_decor_stabs
D:2:      layout_loops_ring, uniq_jessica
D:3:      layout_loops_cross, chequers_decorated_corner, mrwooster_statue_mirror
D:4:      layout_gridville, st_stairs_12, uniq_natasha, uniq_crazy_yiuf_cottage

Skill      XL: |  1  2  3  4  5 |
---------------+----------------+-----
Axes           | 2 3 |  3.5
Shields        | 3 |  3.1
Armour         | 3 |  3.3
Ranged Weapons | 1 |  1.3
Fighting       | 4 |  4.0
Dodging        | |  0.3
Stealth        | |  0.2

Action                   |  1- 3 |  4- 6 || total
-------------------------+-------+-------++-------
Melee: War axe           |    96 |    87 ||   183
 Fire: Sling             |     5 |     9 ||    14
Throw: Stone             |     3 |       ||     3
  Use: Scroll            |       |     9 ||     9
       Potion            |       |     2 ||     2
Armor: Scale mail        |    61 |    24 ||    85
Dodge: Dodged            |    48 |    52 ||   100
Block: Buckler           |    37 |    21 ||    58

Table legend: (Time is in decaauts)
 A = Elapsed time spent in this place.
 B = Non-inter-level travel time spent in this place.
 C = Inter-level travel time spent in this place.
 D = Time resting spent in this place.
 E = Time spent auto-exploring this place.
 F = Levels seen in this place.
 G = Mean time per level.
                   A        B        C        D        E       F      G
               +--------+--------+--------+--------+--------+-----+--------+
         Total |   3620 |   3620 |      0 |    605 |   2115 |   4 |  905.0 |
       Dungeon |   3620 |   3620 |      0 |    605 |   2115 |   4 |  905.0 |
               +--------+--------+--------+--------+--------+-----+--------+

Top non-repeatable levels by time:
     D:3: 1432 daAuts
     D:1: 1031 daAuts
     D:2: 1004 daAuts
     D:4: 152 daAuts
